| TOP OF THE 1ST |
|
Pulaski Yankees batting - Pitching for Greeneville Astros : RHP Tony Barrios
|
|
Pitching: RHP Tony Barrios
|
|
|
Batting: RHB Ken Stair
|
0-0: Foul Ball, location: 2F 0-1: Ball 1-1: Fly out, F9 (Line Drive, 9, EV 93.8 MPH)
|
|
Batting: LHB Justin Short
|
0-0: SINGLE (Flyball, 7LS, EV 85.6 MPH)
|
|
Batting: LHB Carlos Palau
|
0-0: Ball 1-0: Called Strike 1-1: SINGLE (Groundball, 4MD, EV 97.5 MPH) Justin Short to second
|
|
Batting: RHB Yasuoka Tsuda
|
0-0: Called Strike 0-1: Ball Wild Pitch! Justin Short to third Carlos Palau to second 1-1: Foul Ball, location: 2F 1-2: Strikes out swinging
|
|
Batting: RHB Michael Patterson
|
0-0: Ball 1-0: Called Strike 1-1: Ball 2-1: Swinging Strike 2-2: Ball 3-2: Strikes out swinging
|
| Top of the 1st over - 0 runs, 2 hits, 0 errors, 2 left on base; Pulaski 0 - Greeneville 0 |
| BOTTOM OF THE 1ST |
|
Greeneville Astros batting - Pitching for Pulaski Yankees : LHP Jessie Neal
|
|
Pitching: LHP Jessie Neal
|
|
|
Batting: RHB Jarno van Lente
|
0-0: Foul Ball, location: 2F 0-1: Ball 1-1: Ball 2-1: Foul Ball, location: 2F 2-2: Fly out, F9 (Line Drive, 89D, EV 84.4 MPH)
|
|
Batting: RHB Keith Goodwin
|
0-0: Swinging Strike 0-1: Foul Ball, location: 2F 0-2: Ball 1-2: Strikes out swinging
|
|
Batting: RHB Hugo Priego
|
0-0: Foul Ball, location: 2F 0-1: Called Strike 0-2: Foul Ball, location: 2F 0-2: Ball 1-2: Foul Ball, location: 2F 1-2: Strikes out swinging
|
| Bottom of the 1st over - 0 runs, 0 hits, 0 errors, 0 left on base; Pulaski 0 - Greeneville 0 |
| TOP OF THE 2ND |
|
Pulaski Yankees batting - Pitching for Greeneville Astros : RHP Tony Barrios
|
|
Batting: SHB Dylan Best
|
0-0: Ball 1-0: Ground out 6-3 (Groundball, 6, EV 80.6 MPH)
|
|
Batting: LHB Chris Viehman
|
0-0: Ball 1-0: Ball 2-0: Ball 3-0: DOUBLE (Flyball, 8LD, EV 83.8 MPH)
|
|
Batting: RHB Edwin Sierra
|
0-0: Called Strike 0-1: Ball Wild Pitch! Chris Viehman to third 1-1: Ball 2-1: Called Strike 2-2: Ball 3-2: Base on Balls
|
|
Batting: RHB Mustafa bin Gamali
|
0-0: Ball 1-0: Foul Ball, location: 2F 1-1: Ball 2-1: Ball Pickoff Throw to First - Out! 1-3 3-1: Foul Ball, location: 2F 3-2: Foul Ball, location: 2F 3-2: Strikes out swinging
|
| Top of the 2nd over - 0 runs, 1 hit, 0 errors, 1 left on base; Pulaski 0 - Greeneville 0 |
| BOTTOM OF THE 2ND |
|
Greeneville Astros batting - Pitching for Pulaski Yankees : LHP Jessie Neal
|
|
Batting: RHB Roger Pelley
|
0-0: SINGLE (Line Drive, 8RS, EV 91.9 MPH)
|
|
Batting: RHB John Moore
|
0-0: Ball 1-0: Called Strike 1-1: Ball 2-1: Foul Ball, location: 2F 2-2: Fly out, F8 (Flyball, 8RXD, EV 102.5 MPH)
|
|
Batting: RHB Domingas Saragoa
|
0-0: Called Strike Roger Pelley steals 2nd, throwing error, E2 Roger Pelley to third 0-1: Foul Ball, location: 2F 0-2: Ball 1-2: Ball 2-2: Strikes out swinging
|
|
Batting: LHB Ryan Fridley
|
0-0: Ball 1-0: Called Strike 1-1: Swinging Strike 1-2: Ball 2-2: Strikes out looking
|
| Bottom of the 2nd over - 0 runs, 1 hit, 1 error, 1 left on base; Pulaski 0 - Greeneville 0 |
| TOP OF THE 3RD |
|
Pulaski Yankees batting - Pitching for Greeneville Astros : RHP Tony Barrios
|
|
Batting: RHB Ken Stair
|
0-0: Ball 1-0: Ball 2-0: Ball 3-0: Called Strike 3-1: Base on Balls
|
|
Batting: LHB Justin Short
|
0-0: Ball 1-0: Called Strike 1-1: Called Strike 1-2: Ball 2-2: Foul Ball, location: 2F 2-2: Ball 3-2: Fly out, F8 (Flyball, 8RD, EV 79.4 MPH)
|
|
Batting: LHB Carlos Palau
|
0-0: Ball 1-0: Called Strike 1-1: Ball 2-1: Swinging Strike 2-2: Foul Ball, location: 2F 2-2: Strikes out swinging
|
|
Batting: RHB Yasuoka Tsuda
|
0-0: Foul Ball, location: 2F 0-1: Ball 1-1: Called Strike 1-2: Ball 2-2: Strikes out looking
|
| Top of the 3rd over - 0 runs, 0 hits, 0 errors, 1 left on base; Pulaski 0 - Greeneville 0 |
| BOTTOM OF THE 3RD |
|
Greeneville Astros batting - Pitching for Pulaski Yankees : LHP Jessie Neal
|
|
Batting: RHB Devon Healy
|
0-0: Ball 1-0: Foul Ball, location: 2F 1-1: Ground out 5-3 (Groundball, 56, EV 80.0 MPH)
|
|
Batting: LHB Gong Tow
|
0-0: Called Strike 0-1: Ball 1-1: Swinging Strike 1-2: Strikes out looking
|
|
Batting: RHB Jarno van Lente
|
0-0: Ball 1-0: SINGLE (Groundball, 4D, EV 96.2 MPH)
|
|
Batting: RHB Keith Goodwin
|
0-0: Ball 1-0: Called Strike 1-1: Ball 2-1: Swinging Strike 2-2: Strikes out swinging
|
| Bottom of the 3rd over - 0 runs, 1 hit, 0 errors, 1 left on base; Pulaski 0 - Greeneville 0 |
| TOP OF THE 4TH |
|
Pulaski Yankees batting - Pitching for Greeneville Astros : RHP Tony Barrios
|
|
Batting: RHB Michael Patterson
|
0-0: Ball 1-0: Foul Ball, location: 2F 1-1: Ball 2-1: Ball 3-1: Base on Balls
|
|
Batting: SHB Dylan Best
|
0-0: Swinging Strike 0-1: Swinging Strike 0-2: Strikes out swinging
|
|
Batting: LHB Chris Viehman
|
0-0: Ball 1-0: SINGLE (Line Drive, 34, EV 96.9 MPH) Michael Patterson to second
|
|
Batting: RHB Edwin Sierra
|
0-0: Fly out, F4 (Line Drive, 4M, EV 71.2 MPH)
|
|
Batting: RHB Mustafa bin Gamali
|
0-0: Ball 1-0: Called Strike 1-1: Swinging Strike 1-2: Ball 2-2: Strikes out swinging
|
| Top of the 4th over - 0 runs, 1 hit, 0 errors, 2 left on base; Pulaski 0 - Greeneville 0 |
| BOTTOM OF THE 4TH |
|
Greeneville Astros batting - Pitching for Pulaski Yankees : LHP Jessie Neal
|
|
Batting: RHB Hugo Priego
|
0-0: Called Strike 0-1: Foul Ball, location: 2F 0-2: Strikes out looking
|
|
Batting: RHB Roger Pelley
|
0-0: Called Strike 0-1: Ground out 4-3 (Groundball, 4S, EV 88.1 MPH)
|
|
Batting: RHB John Moore
|
0-0: Ball 1-0: Ball 2-0: Ground out 6-3 (Groundball, 6, EV 90.0 MPH)
|
| Bottom of the 4th over - 0 runs, 0 hits, 0 errors, 0 left on base; Pulaski 0 - Greeneville 0 |
| TOP OF THE 5TH |
|
Pulaski Yankees batting - Pitching for Greeneville Astros : RHP Tony Barrios
|
|
Pitching: RHP Kuaika Anakala
|
|
|
Batting: RHB Ken Stair
|
0-0: Swinging Strike 0-1: Foul Ball, location: 2F 0-2: Strikes out swinging
|
|
Batting: LHB Justin Short
|
0-0: Foul Ball, location: 2F 0-1: Fly out, F9 (Line Drive, 89M, EV 93.1 MPH)
|
|
Batting: LHB Carlos Palau
|
0-0: Called Strike 0-1: Ball 1-1: Ball 2-1: Fly out, F8 (Flyball, 8RXD, EV 100.6 MPH)
|
| Top of the 5th over - 0 runs, 0 hits, 0 errors, 0 left on base; Pulaski 0 - Greeneville 0 |
| BOTTOM OF THE 5TH |
|
Greeneville Astros batting - Pitching for Pulaski Yankees : LHP Jessie Neal
|
|
Batting: RHB Domingas Saragoa
|
0-0: Called Strike 0-1: Ball 1-1: Ball 2-1: Foul Ball, location: 2F 2-2: Foul Ball, location: 2F 2-2: Ball 3-2: Foul Ball, location: 2F 3-2: Base on Balls
|
|
Batting: LHB Ryan Fridley
|
0-0: Called Strike 0-1: SINGLE (Groundball, 34D, EV 101.2 MPH) Domingas Saragoa to second Runner from 2nd tries for 3rd, SAFE, throw by RF made to third
|
|
Batting: RHB Devon Healy
|
0-0: Called Strike 0-1: Ball 1-1: Ground out 5-3 (Groundball, P, EV 77.5 MPH) Ryan Fridley to second
|
|
Batting: LHB Gong Tow
|
0-0: Foul Ball, location: 2F 0-1: Ground out 6-3 (Groundball, 6, EV 81.2 MPH)
|
|
Batting: RHB Jarno van Lente
|
0-0: Ball 1-0: Fly out, F7 (Flyball, 7D, EV 106.2 MPH)
|
| Bottom of the 5th over - 0 runs, 1 hit, 0 errors, 2 left on base; Pulaski 0 - Greeneville 0 |
| TOP OF THE 6TH |
|
Pulaski Yankees batting - Pitching for Greeneville Astros : RHP Kuaika Anakala
|
|
Batting: RHB Yasuoka Tsuda
|
0-0: Ball 1-0: Ball 2-0: Called Strike 2-1: Swinging Strike 2-2: Reached on error, E5 (Groundball, 5, EV 79.4 MPH)
|
|
Batting: RHB Michael Patterson
|
0-0: SINGLE (Flyball, 56D, EV 88.8 MPH) Yasuoka Tsuda to second
|
|
Batting: SHB Dylan Best
|
0-0: Ball 1-0: Called Strike 1-1: Foul Ball, location: 2F 1-2: Ball 2-2: Foul Ball, location: 2F 2-2: Ball 3-2: Base on Balls Yasuoka Tsuda to third Michael Patterson to second
|
|
Batting: LHB Chris Viehman
|
0-0: GRAND SLAM HOME RUN (Flyball, 9D, EV 100.6 MPH), Distance : 379 ft
|
|
Pitching: RHP Tim Evans
|
|
|
Batting: RHB Edwin Sierra
|
0-0: Ball 1-0: Fly out, F9 (Line Drive, 9, EV 90.6 MPH)
|
|
Batting: RHB Mustafa bin Gamali
|
0-0: Called Strike 0-1: Ball 1-1: Ball 2-1: Foul Ball, location: 2F 2-2: Strikes out swinging
|
|
Batting: RHB Ken Stair
|
0-0: Ground out 2-3 (Groundball, 2R, EV 68.8 MPH)
|
| Top of the 6th over - 4 runs, 2 hits, 1 error, 0 left on base; Pulaski 4 - Greeneville 0 |
| BOTTOM OF THE 6TH |
|
Greeneville Astros batting - Pitching for Pulaski Yankees : LHP Jessie Neal
|
|
Batting: RHB Keith Goodwin
|
0-0: Ball 1-0: Called Strike 1-1: Foul Ball, location: 2F 1-2: Ball 2-2: Strikes out swinging
|
|
Pitching: LHP Matt Cusatis
|
|
|
Batting: RHB Hugo Priego
|
0-0: Called Strike 0-1: Ball 1-1: Ball 2-1: Swinging Strike 2-2: Strikes out looking
|
|
Batting: RHB Roger Pelley
|
0-0: Ball 1-0: Foul Ball, location: 2F 1-1: Hit by Pitch
|
|
Batting: RHB John Moore
|
0-0: Ball 1-0: Ball 2-0: Foul Ball, location: 2F 2-1: Foul Ball, location: 2F 2-2: Foul Ball, location: 2F 2-2: Ball 3-2: Base on Balls Roger Pelley to second
|
|
Batting: RHB Domingas Saragoa
|
0-0: Foul Ball, location: 2F 0-1: Ball 1-1: Called Strike 1-2: Reached on error, E6 (Groundball, 6, EV 79.4 MPH) Roger Pelley to third John Moore to second
|
|
Batting: LHB Ryan Fridley
|
0-0: Ball 1-0: Foul Ball, location: 2F 1-1: Foul Ball, location: 2F 1-2: DOUBLE (Line Drive, 78D, EV 108.1 MPH) Roger Pelley scores John Moore scores Domingas Saragoa to third Runner from 3rd tries for Home, SAFE, throw by LF to home
|
|
Pitching: RHP Jon Campbell
|
|
|
Batting: RHB Devon Healy
|
0-0: Ball 1-0: Ball 2-0: Called Strike 2-1: Foul Ball, location: 2F 2-2: Foul Ball, location: 2F 2-2: Strikes out swinging
|
| Bottom of the 6th over - 3 runs, 1 hit, 1 error, 1 left on base; Pulaski 4 - Greeneville 3 |
| TOP OF THE 7TH |
|
Pulaski Yankees batting - Pitching for Greeneville Astros : RHP Tim Evans
|
|
Batting: LHB Justin Short
|
0-0: Called Strike 0-1: Ball 1-1: Ground out 4-3 (Groundball, 4, EV 78.1 MPH)
|
|
Batting: LHB Carlos Palau
|
0-0: Called Strike 0-1: Ball 1-1: DOUBLE (Line Drive, 7LD, EV 111.2 MPH)
|
|
Batting: RHB Yasuoka Tsuda
|
0-0: Ball 1-0: Ball 2-0: Called Strike 2-1: Foul Ball, location: 2F 2-2: Strikes out swinging
|
|
Batting: RHB Michael Patterson
|
0-0: Ball 1-0: DOUBLE (Line Drive, 78D, EV 110.6 MPH) Carlos Palau scores
|
|
Batting: SHB Dylan Best
|
0-0: Foul Ball, location: 2F 0-1: Ball 1-1: SINGLE (Groundball, 4MD, EV 95.0 MPH) Michael Patterson to third Runner from 3rd tries for Home, throw by CF and OUT! 8-2
|
| Top of the 7th over - 1 run, 3 hits, 0 errors, 1 left on base; Pulaski 5 - Greeneville 3 |
| BOTTOM OF THE 7TH |
|
Greeneville Astros batting - Pitching for Pulaski Yankees : RHP Jon Campbell
|
|
Batting: LHB Gong Tow
|
0-0: Swinging Strike 0-1: Foul Ball, location: 2F 0-2: Strikes out swinging, 2-3 out at first.
|
|
Batting: RHB Jarno van Lente
|
0-0: Ball 1-0: Reached on error, E5 (Groundball, 56, EV 100.0 MPH)
|
|
Batting: RHB Keith Goodwin
|
0-0: Called Strike 0-1: Foul Ball, location: 2F 0-2: Foul Ball, location: 2F 0-2: Foul Ball, location: 2F 0-2: Ball 1-2: Foul Ball, location: 2F 1-2: Ground out 4-3 (Groundball, 4MS, EV 65.6 MPH) Jarno van Lente to third
|
|
Pitching: RHP Chris Bryant
|
|
|
Batting: RHB Hugo Priego
|
0-0: Foul Ball, location: 2F 0-1: Ball 1-1: Ball 2-1: Swinging Strike 2-2: Foul Ball, location: 2F 2-2: Strikes out swinging
|
| Bottom of the 7th over - 0 runs, 0 hits, 1 error, 1 left on base; Pulaski 5 - Greeneville 3 |
| TOP OF THE 8TH |
|
Pulaski Yankees batting - Pitching for Greeneville Astros : RHP Tim Evans
|
|
Batting: LHB Chris Viehman
|
0-0: Ball 1-0: Ball 2-0: Hit by Pitch
|
|
Pitching: LHP Chase Smith
|
|
|
Batting: RHB Edwin Sierra
|
0-0: Ball 1-0: Bunted foul 1-1: Sac Bunt to P - play at first, batter OUT! 1-3 Chris Viehman to second
|
|
Batting: RHB Mustafa bin Gamali
|
0-0: Foul Ball, location: 2F 0-1: Swinging Strike 0-2: Strikes out swinging
|
|
Batting: RHB Ken Stair
|
0-0: Called Strike 0-1: Called Strike 0-2: Ball 1-2: Foul Ball, location: 2F 1-2: Fly out, F6 (Line Drive, 6M, EV 60.6 MPH)
|
| Top of the 8th over - 0 runs, 0 hits, 0 errors, 1 left on base; Pulaski 5 - Greeneville 3 |
| BOTTOM OF THE 8TH |
|
Greeneville Astros batting - Pitching for Pulaski Yankees : RHP Chris Bryant
|
|
Now at 1B: Chris Viehman
|
|
|
Now at 2B: Edwin Sierra
|
|
|
Now at 3B: Victor Garcia
|
|
|
Now in LF: Carlos Palau
|
|
|
Now in CF: Troy Jones
|
|
|
Batting: RHB Roger Pelley
|
0-0: DOUBLE (Line Drive, 9D, EV 103.8 MPH)
|
|
Batting: RHB John Moore
|
0-0: Ball 1-0: Ball 2-0: Called Strike 2-1: Called Strike 2-2: Ball Wild Pitch! Roger Pelley to third 3-2: Strikes out swinging
|
|
Batting: RHB Domingas Saragoa
|
0-0: Ball 1-0: Swinging Strike 1-1: Ball 2-1: Foul Ball, location: 2F 2-2: SINGLE (Groundball, 6MD, EV 98.1 MPH) Roger Pelley scores
|
|
Batting: LHB Ryan Fridley
|
0-0: Ball 1-0: Ball 2-0: Ball 3-0: Called Strike 3-1: Foul Ball, location: 2F 3-2: Foul Ball, location: 2F 3-2: Strikes out looking
|
|
Batting: RHB Devon Healy
|
0-0: Called Strike 0-1: Ball 1-1: Ball 2-1: Fielders Choice at 2nd, 6-4 (Groundball, 6, EV 81.2 MPH)
|
| Bottom of the 8th over - 1 run, 2 hits, 0 errors, 1 left on base; Pulaski 5 - Greeneville 4 |
| TOP OF THE 9TH |
|
Pulaski Yankees batting - Pitching for Greeneville Astros : LHP Chase Smith
|
|
Batting: LHB Justin Short
|
0-0: Swinging Strike 0-1: Ball 1-1: Ball 2-1: DOUBLE (Flyball, 8RXD, EV 110.6 MPH)
|
|
Batting: LHB Carlos Palau
|
0-0: Intentional Walk
|
|
Batting: RHB Yasuoka Tsuda
|
0-0: Ball 1-0: Called Strike 1-1: Swinging Strike 1-2: Strikes out looking
|
|
Batting: RHB Michael Patterson
|
0-0: Ball 1-0: Swinging Strike 1-1: Ball 2-1: Swinging Strike 2-2: Ball 3-2: Foul Ball, location: 2F 3-2: Strikes out swinging
|
|
Batting: LHB Troy Jones
|
0-0: Ball 1-0: Ball Passed Ball! Justin Short to third Carlos Palau to second 2-0: Called Strike 2-1: Ball 3-1: Foul Ball, location: 2F 3-2: Strikes out looking
|
| Top of the 9th over - 0 runs, 1 hit, 0 errors, 2 left on base; Pulaski 5 - Greeneville 4 |
| BOTTOM OF THE 9TH |
|
Greeneville Astros batting - Pitching for Pulaski Yankees : RHP Chris Bryant
|
|
Pitching: RHP Matt Elliott
|
|
|
Pinch Hitting: LHB Guadalupe Gonzalez
|
0-0: Called Strike 0-1: Ball 1-1: Ball 2-1: Fly out, F8 (Flyball, 78D, EV 90.6 MPH)
|
|
Batting: RHB Jarno van Lente
|
0-0: Ball 1-0: Ball 2-0: Foul Ball, location: 2F 2-1: Foul Ball, location: 2F 2-2: Ball 3-2: Foul Ball, location: 2F 3-2: Ground out 4-3 (Groundball, 4, EV 85.0 MPH)
|
|
Batting: RHB Keith Goodwin
|
0-0: Swinging Strike 0-1: Ball 1-1: Ball 2-1: Ball 3-1: Base on Balls
|
|
Batting: RHB Hugo Priego
|
0-0: Called Strike 0-1: Ball 1-1: Ball 2-1: Foul Ball, location: 2F 2-2: Foul Ball, location: 2F 2-2: Fielders Choice at 2nd, 5-4 (Groundball, 5L, EV 103.1 MPH)
|
| Bottom of the 9th over - 0 runs, 0 hits, 0 errors, 1 left on base; Pulaski 5 - Greeneville 4 |
|